 Dungeon Crawl Stone Soup version 0.20-a0-1122-gb7cbeb9 (webtiles) character file.

21127 anfisbena the Fighter (level 12, -13/67 HPs)
             Began as a Vine Stalker Fighter on May 13, 2017.
             Was a Follower of Uskayaw.
             Engulfed by an ice statue's freezing vapour (20 damage)
             ... in an ice cave.
             The game lasted 00:19:47 (10404 turns).

anfisbena the Fighter (Vine Stalker Fighter)       Turns: 10404, Time: 00:19:48

Health: -13/67     AC: 15    Str: 19    XL:     12   Next: 86%
Magic:  0/19       EV: 12    Int: 13    God:    Uskayaw [*.....]
Gold:   817        SH: 12    Dex: 19    Spells: 11/11 levels left

rFire    + + .     SeeInvis .   I - +3 short sword (speed)
rCold    . . .     Gourm    .   L - +2 shield {rF+}
rNeg     . . .     Faith    .   c - +3 plate armour {rF+}
rPois    .         Spirit   +   e - +1 hat {Int+3}
rElec    .         Reflect  .   (no cloak)
rCorr    .         Harm     .   y - +0 pair of gloves
MR       +....                  M - +1 pair of boots
Stlth    ..........             u - amulet of magic regeneration
Regen    1.1/turn               n - +3 ring of slaying
MPRegen  0.3/turn               K - +4 ring of evasion

@: about to teleport
A: fangs 3, clever 1, deformed body, regeneration 2, screaming 1, magic shield,
antimagic bite, no potion heal 3, rot immunity, subdued magic 1
a: Stomp, Renounce Religion


You were in an ice cave.
You worshipped Uskayaw.
Uskayaw was aware of your devotion.
You were not hungry.

You visited 3 branches of the dungeon, and saw 13 of its levels.
You also visited: Ice Cave and Volcano.

You collected 817 gold pieces.

Inventory:

Hand Weapons
 I - a +3 short sword of speed (weapon)
Armour
 c - a +3 plate armour of fire resistance (worn)
 e - a +1 hat of intelligence (worn)
 y - a +0 pair of gloves (worn)
 L - a +2 shield of fire resistance (worn)
 M - a +1 pair of boots (worn)
Jewellery
 n - a +3 ring of slaying (left hand)
 u - an amulet of magic regeneration (around neck)
 K - a +4 ring of evasion (right hand)
Scrolls
 g - 7 scrolls of remove curse
 q - a scroll of enchant armour
 w - 5 scrolls of teleportation
 x - 4 scrolls of fog
 B - 2 scrolls of amnesia
Potions
 d - 5 potions of might
 h - 8 potions of curing
 i - 2 potions of flight {unknown}
 j - 3 potions of lignification
 l - a potion of berserk rage
 o - a potion of resistance
 p - 2 potions of mutation {unknown}
 s - 3 potions of haste
 C - a potion of invisibility
 N - a potion of agility
Books
 a - a book of Clouds

   Spells                             Type                      Level
   a - Poisonous Vapours              Poison/Air                   2
   b - Mephitic Cloud                 Conjuration/Poison/Air       3
   c - Conjure Flame                  Conjuration/Fire             3
   d - Freezing Cloud                 Conjuration/Ice/Air          6
   e - Ring of Flames                 Charms/Fire                  7
 H - a book of Misfortune

   Spells                             Type                      Level
   a - Confusing Touch                Hexes                        1
   b - Confuse                        Hexes                        3
   c - Gell's Gravitas                Translocation                3
   d - Petrify                        Transmutation/Earth          4
   e - Metabolic Englaciation         Hexes/Ice                    5
   f - Yara's Violent Unravelling     Hexes/Transmutation          5
 J - a book of Minor Magic

   Spells                             Type                      Level
   a - Magic Dart                     Conjuration                  1
   b - Blink                          Translocation                2
   c - Call Imp                       Summoning                    2
   d - Slow                           Hexes                        2
   e - Conjure Flame                  Conjuration/Fire             3
   f - Mephitic Cloud                 Conjuration/Poison/Air       3
Comestibles
 b - 6 chunks of flesh
 f - 11 bread rations
 k - 18 fruits
 m - 8 meat rations
 E - 10 royal jellies


   Skills:
 - Level 10.0 Fighting
 - Level 8.0 Short Blades
 + Level 6.2 Armour
 + Level 7.2 Dodging
 - Level 10.0 Stealth
 - Level 4.0 Shields
 + Level 8.8 Invocations


You had 11 spell levels left.
You didn't know any spells.

Dungeon Overview and Level Annotations

Branches:
Dungeon (9/15)             Temple (1/1) D:7            Lair (3/6) D:9
 Shoals (0/4) Lair:3
  Snake: Lair:2-4    Spider: Lair:2-4       Orc: D:9-12

Altars:
Ashenzari
Cheibriados
Dithmenos
Elyvilon
Fedhas
Gozag
Hepliaklqana
Kikubaaqudgha
Makhleb
Nemelex Xobeh
Okawaru
Qazlal
Ru
Sif Muna
Trog
Uskayaw
Vehumet
Wu Jian
Xom
Yredelemnul
Zin
The Shining One

Shops:
D:5 *

Annotations:
IceCv exclusion: ice statue


Innate Abilities, Weirdness & Mutations

You have razor-sharp teeth.
You heal very quickly.
When hurt, damage is shared between your health and your magic reserves.
Your bite disrupts and absorbs the magic of your enemies.
Potions cannot restore your health.
You are immune to rotting.
Your mind is acute. (Int +2)
Armour fits poorly on your strangely shaped body.
You occasionally shout uncontrollably at your foes.
Your spells are a little easier to cast, but a little less powerful.


Message History

You are engulfed in freezing vapours.
You block the ice beast's attack.
You are engulfed in freezing vapours.
The ice beast hits you but does no damage.
You are engulfed in freezing vapours.
* * * LOW HITPOINT WARNING * * *
You are engulfed in freezing vapours.
* * * LOW HITPOINT WARNING * * *
The ice statue gestures at you. The bolt of cold misses you.
The bolt of cold hits the ice beast.
The ice beast completely resists.
The ice statue gestures at you. The freezing blast engulfs you!
* * * LOW HITPOINT WARNING * * *
As you read the scroll of teleportation, it crumbles to dust.
You feel strangely unstable.
You are engulfed in freezing vapours.
* * * LOW HITPOINT WARNING * * *
You block the ice beast's attack.
You are engulfed in freezing vapours.
You die...

##...##
#..#..##
##.§##..#
##
#..###.÷#
##. ##§.#
#..## #..
#§§##
##..# ##..
#Y§# #.##
#... ##§##
#..# ##...
#@8#
##.###....
#§##
#..##....
#§#
##......#
.§#
##.....#
..##
##...## ..
#..### #..
##.# # #.#
### # ##


You could see an ice statue and an ice beast.

Vanquished Creatures
  Gastronok (Lair:2)
  2 hydras
  3 two-headed ogres
  A black mamba (Lair:2)
  2 ice statues (IceCv)
  A gargoyle (Volcano)
  A molten gargoyle (Volcano)
  4 spiny frogs
  A komodo dragon (Lair:2)
  A troll (D:9)
  9 polar bears
  2 dream sheep (D:8)
  6 hippogriffs
  12 yaks
  A wyvern (D:9)
  2 fire elementals (Volcano)
  A hungry ghost (D:8)
  Grum (D:8)
  Duvessa (D:6)
  9 water moccasins
  9 porcupines
  4 orc warriors
  3 ice beasts
  3 sky beasts
  2 black bears
  3 phantoms
  6 crocodiles
  5 centaurs
  11 wolves
  3 big kobolds (D:8)
  Blork the orc (D:6)
  8 bullfrogs
  A gnoll sergeant (D:9)
  Dowan (D:6)
  3 scorpions
  4 killer bees (D:7)
  A crimson imp (D:6)
  2 bullfrog zombies
  A quasit (D:7)
  4 orc priests
  3 hounds
  A bullfrog skeleton (D:5)
  4 iguanas
  4 orc wizards
  Natasha (twice) (D:2)
  10 worker ants
  A hound zombie (D:6)
  2 hound skeletons
  A worker ant zombie (D:6)
  10 gnolls
  12 adders
  2 shadow imps
  7 white imps (Lair:3)
  2 oozes
  5 worms
  7 dart slugs
  17 orcs
  7 bats
  4 giant cockroaches
  5 goblins
  8 hobgoblins
  2 jackals (D:7)
  A quokka (D:8)
  2 ball pythons
  2 frilled lizards
  9 kobolds
  A leopard gecko skeleton (D:9)
  A leopard gecko zombie (D:7)
  7 rats
275 creatures vanquished.

Notes
Turn   | Place    | Note
-------+----------+-------------------------------------------
     0 | D:1      | anfisbena the Vine Stalker Fighter began the quest for the Orb.
     0 | D:1      | Reached XP level 1. HP: 11/11 MP: 2/2
   170 | D:1      | Reached XP level 2. HP: 16/16 MP: 3/3
   564 | D:1      | Reached XP level 3. HP: 20/20 MP: 4/4
  1114 | D:2      | Gained mutation: Your natural rate of healing is unusually fast. [Vine Stalker growth]
  1114 | D:2      | Reached XP level 4. HP: 24/24 MP: 5/5
  1383 | D:2      | Noticed Natasha
  1391 | D:2      | Killed Natasha
  1391 | D:2      | Reached XP level 5. HP: 29/29 MP: 6/6
  1452 | D:2      | Noticed Natasha
  1460 | D:2      | Killed Natasha
  1702 | D:3      | Found a bloodstained altar of Trog.
  2348 | D:4      | Reached XP level 6. HP: 34/34 MP: 7/7
  2707 | D:5      | Entered Level 5 of the Dungeon
  2723 | D:5      | Reached skill level 5 in Fighting
  2907 | D:5      | Reached skill level 5 in Short Blades
  2907 | D:5      | Reached XP level 7. HP: 37/39 MP: 8/8
  3063 | D:5      | Found an opulent altar of Gozag.
  3230 | D:5      | Found Wuddis's General Store.
  3752 | D:6      | Gained mutation: You have razor-sharp teeth. [Vine Stalker growth]
  3752 | D:6      | Reached XP level 8. HP: 30/44 MP: 9/9
  3824 | D:6      | Noticed Blork the orc
  3860 | D:6      | Killed Blork the orc
  4143 | D:6      | Found a white marble altar of Elyvilon.
  4195 | D:6      | Noticed Duvessa
  4211 | D:6      | Killed Duvessa
  4213 | D:6      | Noticed Dowan
  4232 | D:6      | Killed Dowan
  4534 | D:7      | Reached XP level 9. HP: 39/51 MP: 10/10
  4749 | D:7      | Found a staircase to the Ecumenical Temple.
  4796 | D:7      | Reached skill level 1 in Stealth
  4894 | Temple   | Entered the Ecumenical Temple
  5034 | Temple   | Became a worshipper of Uskayaw the Reveler
  5170 | D:7      | Reached * piety under Uskayaw
  5329 | D:7      | Reached ** piety under Uskayaw
  5356 | D:7      | Reached *** piety under Uskayaw
  5364 | D:7      | Reached **** piety under Uskayaw
  5370 | D:7      | Reached ***** piety under Uskayaw
  5544 | D:7      | Found a sacrificial altar of Ru.
  5738 | D:8      | Noticed Grum
  5752 | D:8      | Killed Grum
  5819 | D:8      | Reached skill level 5 in Stealth
  5848 | D:8      | Reached XP level 10. HP: 58/58 MP: 11/11
  5860 | D:8      | Noticed a two-headed ogre
  5864 | D:8      | Killed a two-headed ogre
  6082 | D:8      | Reached skill level 10 in Fighting
  6128 | D:8      | Noticed a two-headed hydra
  6161 | D:8      | Killed a two-headed hydra
  6161 | D:8      | Reached skill level 5 in Armour
  6161 | D:8      | Reached skill level 1 in Dodging
  6631 | D:8      | Gained mutation: Armour fits poorly on your strangely shaped body. [mutagenic meat]
  6632 | D:8      | Gained mutation: You occasionally shout uncontrollably at your foes. [mutagenic meat]
  6633 | D:8      | Gained mutation: Your spells are a little easier to cast, but a little less powerful. [mutagenic meat]
  6634 | D:8      | Gained mutation: Your mind is acute. (Int +2) [mutagenic meat]
  6920 | D:9      | Reached XP level 11. HP: 62/63 MP: 14/14
  7086 | D:9      | Noticed a two-headed ogre
  7105 | D:9      | Killed a two-headed ogre
  7140 | D:9      | Noticed a two-headed ogre
  7154 | D:9      | Killed a two-headed ogre
  7322 | D:9      | Found a staircase to the Lair.
  7325 | D:9      | Reached skill level 5 in Invocations
  7560 | Lair:1   | Entered Level 1 of the Lair of Beasts
  7754 | Lair:1   | Noticed a six-headed hydra
  7764 | Lair:1   | Killed a six-headed hydra
  7765 | Lair:1   | Reached skill level 5 in Dodging
  7799 | Lair:1   | Found a dark tunnel.
  7804 | Volcano  | Entered a volcano
  8648 | Lair:1   | Gained mutation: You heal very quickly. [Vine Stalker growth]
  8648 | Lair:1   | Reached XP level 12. HP: 61/67 MP: 18/18
  9334 | Lair:2   | Noticed Gastronok
  9611 | Lair:2   | Reached ****** piety under Uskayaw
  9700 | Lair:2   | Killed Gastronok
  9798 | Lair:3   | Found a frozen archway.
  9837 | IceCv    | Entered an ice cave
 10045 | IceCv    | Reached skill level 10 in Stealth
 10404 | IceCv    | Engulfed by an ice statue's freezing vapour

Vault maps used:
D:1:      lemuel_arrival_cross
D:2:      minmay_box_of_dots, uniq_natasha
D:3:      lemuel_crystal_altar, first_bread, minmay_hedge_maze
D:5:      serial_shops, shop, kennysheep_flooded_box,
          nicolae_gozag_cash_rules_everything_around_me
D:6:      elyvilon_altar_5, uniq_blork_the_orc, uniq_duvessa
D:7:      minmay_temple_entry_statues, minivault_27, nicolae_ru_path_of_blood
D:8:      hangedman_ranch, feat_on_display, uniq_grum
D:9:      grunt_lair_entry_orc_guard_hut, minmay_bent
Temple:   minmay_crystal_snake_temple
Lair:1:   enter_volcano_1, grunt_forest_small_clearing_treed
Lair:2:   cheibrodos_lair_reptile_den, uniq_gastronok
Lair:3:   minmay_shoals_entry_centaurs, portal_ice_cave_entry_imps,
          grunt_forest_stairs_clearing, lemuel_fruit_tree
IceCv:    ice_cave_small_giant
Volcano:  volcano_overflow

Skill      XL: |  1  2  3  4  5  6  7  8  9 10 11 12 |
---------------+-------------------------------------+-----
Short Blades   | 2 3 4 5 7 8 |  8.0
Fighting       | 3 4 5 6 7 9 10 | 10.0
Stealth        | 5 7 10 | 10.0
Shields        | 4 |  4.0
Armour         | 5 6 |  6.2
Dodging        | 2 5 7 |  7.2
Invocations    | 3 6 8 |  8.8

Action                   |  1- 3 |  4- 6 |  7- 9 | 10-12 || total
-------------------------+-------+-------+-------+-------++-------
Melee: Rapier            |    83 |   202 |   137 |       ||   422
       Bite              |    20 |    72 |   151 |   260 ||   503
       Short sword       |       |       |   230 |   571 ||   801
  Use: Potion            |       |       |       |     8 ||     8
       Scroll            |       |       |       |    21 ||    21
 Stab: Paralysed         |       |       |     2 |    38 ||    40
       Sleeping          |       |       |       |     4 ||     4
       Distracted        |       |       |       |     1 ||     1
  Eat: Chunk             |       |     7 |     9 |    19 ||    35
       Fruit             |       |       |       |     1 ||     1
Armor: Scale mail        |    31 |    74 |    69 |     6 ||   180
       Troll leather arm |       |       |       |    12 ||    12
       Plate armour      |       |       |       |    75 ||    75
Dodge: Dodged            |    23 |    68 |   110 |   188 ||   389
Block: Shield            |    43 |     4 |       |   122 ||   169
       Buckler           |       |    35 |    60 |    42 ||   137
